AoeStats
← Sealion42

Arena

510354911Analyzed
2v2 RM · 1d ago on Sep 30, 2026· 65m 12s· 4 players
Game mode
Random Map
Map size
Medium (4 player)
Population
200
Speed
Normal
Resources
Standard
Victory
Conquest
Starting age
Dark Age
Ending age
Imperial Age
RankedLock teamsTeams togetherTeam positionsShared explorationLock speedFull tech treeHidden civsTurbo modeCheats
Victory
Defeat
🇩🇪 Khmer · Germany
1281
+13
🇺🇦 Malay · Ukraine
1196
+18
🇨🇭 Italians · Switzerland
1237
-16
🇨🇭 Persians · Switzerland
1204
-15
kingrog
10:50 Feudal Age
10:57 Feudal Age
14:48 Castle Age
12:46 Double-Bit Axe
14:31 Loom
17:21 Bow Saw
17:23 Fletching
18:08 Padded Archer Armor
25:05 Town Watch
26:35 Horse Collar
28:17 Wheelbarrow
28:51 Masonry
29:07 Heavy Plow
29:00 Gold Mining
33:28 Imperial Age
31:46 Stone Mining
32:36 Ballistics
32:07 Crossbowman
32:52 Thumb Ring
34:32 Conscription
34:40 Bodkin Arrow
35:00 Leather Archer Armor
36:13 Chemistry
35:29 Arbalester
36:59 Bracer
38:29 Ring Archer Armor
41:19 Coinage
40:31 Elite Skirmisher
50:48 Light Cavalry
51:38 Bloodlines
51:29 Husbandry
54:21 Scale Barding Armor
54:27 Forging
57:09 Chain Barding Armor
57:24 Iron Casting
61:40 Hand Cart
kingthom
10:46 Feudal Age
15:10 Castle Age
16:28 Double-Bit Axe
18:12 Stone Mining
19:00 Bow Saw
19:54 Gold Mining
30:09 Horse Collar
31:42 Husbandry
31:52 Bloodlines
39:10 Wheelbarrow
41:24 Hand Cart
42:59 Light Cavalry
43:52 Forging
43:47 Scale Barding Armor
57:52 Gold Shaft Mining
59:45 Iron Casting
59:31 Chain Barding Armor
59:33 Pikeman
61:27 Heavy Plow
3st
9:45 Feudal Age
12:36 Castle Age
17:03 Loom
21:08 Double-Bit Axe
23:31 Horse Collar
29:05 Heavy Plow
30:41 Gold Mining
35:01 Imperial Age
33:44 Wheelbarrow
34:19 Elite Skirmisher
36:15 Bow Saw
39:52 Padded Archer Armor
39:42 Fletching
40:44 Gold Shaft Mining
40:00 Stone Mining
42:38 Onager
49:29 Leather Archer Armor
49:09 Bodkin Arrow
50:37 Hand Cart
50:37 Husbandry
50:47 Bloodlines
53:34 Crop Rotation
55:23 Ring Archer Armor
54:53 Bracer
54:59 Scale Barding Armor
55:04 Forging
56:35 Conscription
56:52 Hoardings
58:21 Chemistry
57:42 Ballistics
56:56 Light Cavalry
59:01 Iron Casting
58:46 Chain Barding Armor
59:03 Hussar
62:40 Blast Furnace
64:32 Plate Barding Armor
Sealion42
11:30 Feudal Age
12:33 Loom
15:10 Castle Age
13:57 Double-Bit Axe
14:38 Pikeman
17:17 Horse Collar
18:54 Wheelbarrow
18:31 Bow Saw
21:29 Town Watch
23:09 Heavy Plow
23:49 Forging
29:42 Imperial Age
32:50 Halberdier
37:52 Capped Ram
39:36 Chemistry
38:46 Masonry
42:47 Padded Archer Armor
42:38 Fletching
43:23 Iron Casting
43:34 Elite Skirmisher
45:07 Leather Archer Armor
44:47 Bodkin Arrow
46:36 Blast Furnace
46:42 Blast Furnace
46:59 Conscription
46:46 Bracer
47:17 Ring Archer Armor
47:52 Blast Furnace
49:52 Ballistics
50:01 Thumb Ring
49:59 Elite Battle Elephant
57:35 Arson
59:35 Light Cavalry
Connection lost

Rejoining the realm…

Still unreachable

The connection could not be restored.

Session expired

The server has moved on; the page needs a fresh start.